 Dungeon Crawl Stone Soup version 0.16-a0-4112-g89a4107 (console) character file.

11990 mauris the Impaler (level 11, -10/68 HPs)
             Began as a Merfolk Ice Elementalist on Feb 27, 2015.
             Was a High Priest of Okawaru.
             Killed from afar by Harold (25 damage)
             ... with a bolt of fire
             ... on level 1 of the Lair of Beasts.
             The game lasted 00:49:53 (17608 turns).

mauris the Impaler (Merfolk Ice Elementalist)      Turns: 17608, Time: 00:49:53

Health: -10/68     AC:  9    Str:  9    XL:     11   Next: 86%
Magic:  7/18       EV:  7    Int: 17    God:    Okawaru [*****.]
Gold:   430        SH:  0    Dex: 18    Spells: 3 memorised, 5 levels left

rFire  . . .     SeeInvis +     Q - +5 bardiche (venom)
rCold  . . .     Clarity  .     w - +0 robe
rNeg   . . .     SustAb   .     (no shield)
rPois  .         Gourm    .     u - +2 helmet
rElec  .         Spirit   .     G - +0 cloak
rCorr  .         Warding  .     R - +0 pair of gloves (curse)
rMut   .         Stasis   .     v - +1 pair of boots
MR     .....                    (no amulet)
Stlth  ++........               L - +3 ring of dexterity
                                H - ring of see invisible

@: very slightly contaminated, held, not resistant to hostile enchantments,
unstealthy
A: change form in water, swift swim
a: Heroism, Finesse, Renounce Religion


You were on level 1 of the Lair of Beasts.
You worshipped Okawaru.
Okawaru was extremely pleased with you.
You were not hungry.

You visited 2 branches of the dungeon, and saw 12 of its levels.

You collected 486 gold pieces.
You spent 56 gold pieces at shops.

Inventory:

Hand weapons
 a - a +4 halberd of freezing
 b - a +0 blowgun {@w1}
 B - a +1 spear
 F - a +1 halberd
 K - a +2 vampiric glaive
 Q - a +5 bardiche of venom (weapon)
Missiles
 f - 7 javelins (quivered)
 I - 16 poisoned needles
Armour
 u - a +2 helmet (worn)
 v - a +1 pair of boots (worn)
 w - a +0 robe (worn)
 x - a +2 buckler of protection
 G - a +0 cloak (worn)
 R - a cursed +0 pair of gloves (worn)
Jewellery
 H - a ring of see invisible (left hand)
 L - a +3 ring of dexterity (right hand)
Magical devices
 l - a wand of magic darts (11)
 s - a wand of slowing (35)
 A - a wand of hasting (3) {@v3}
 P - a wand of digging (15)
Scrolls
 j - a scroll of amnesia
 q - a scroll of fog
 r - a scroll of enchant armour
 y - 2 scrolls of remove curse
 N - a scroll of magic mapping {unknown}
 S - a scroll of recharging
Potions
 d - a potion of agility
 e - 3 potions of berserk rage {!q}
 g - a potion of curing {@q1}
 m - a potion of cure mutation
 o - a potion of mutation {!q}
 p - a potion of haste {@q3}
 t - 4 potions of restore abilities
 z - a potion of resistance
 D - 4 potions of brilliance
 J - a potion of cancellation {unknown}
 M - a potion of might
 O - a potion of heal wounds {unknown}
Books
 k - a Necronomicon {highlevel, unknown}

   This book is beyond your current level of understanding.

   Spells                             Type                      Level
   a - Haunt                          Necromancy/Summoning         7
   b - Borgnjor's Revivification      Necromancy                   8
   c - Death's Door                   Charms/Necromancy            8
   d - Necromutation                  Transmutation/Necromancy     8
 C - a book of Frost

   Spells                             Type                      Level
   a - Freeze                         Ice                          1
   b - Throw Frost                    Conjuration/Ice              2
   c - Ozocubu's Armour               Charms/Ice                   3
   d - Throw Icicle                   Conjuration/Ice              4
   e - Summon Ice Beast               Ice/Summoning                4
   f - Condensation Shield            Ice                          4
Comestibles
 c - 10 bread rations
 i - a meat ration
 n - 4 fruits
 E - 2 beef jerkies


   Skills:
 + Level 16.0 Polearms
 - Level 3.1 Dodging
 - Level 2.4 Stealth
 - Level 2.4 Spellcasting
 - Level 3.8 Conjurations
 + Level 14.1 Ice Magic


You had 5 spell levels left.
You knew the following spells:

 Your Spells              Type           Power        Failure   Level  Hunger
a - Freeze                Ice            ####         1%          1    #......
b - Throw Icicle          Conj/Ice       ####....     6%          4    #####..
c - Summon Ice Beast      Ice/Summ       ####....     12%         4    #####..


Dungeon Overview and Level Annotations

Branches:
Dungeon (11/15)            Temple (0/1) D:6            Lair (1/8) D:10
    Orc (0/4) D:9

Altars:
Ashenzari
Cheibriados
Elyvilon
Fedhas
Okawaru
Qazlal
Sif Muna
Trog
Xom
Zin

Shops:
D:11 *

Annotations:
D:3 exclusion: hungry ghost, Grinder; Spolavi's ghost, average DrTm
D:5 exclusion: ice beast
D:9 exclusions: orc and orc priest
D:11 Gastronok
Lair:1 Harold


Message History

Press: ? - help, Shift-Dir - straight line, f/p - Harold
Aim: Harold, wielding a battleaxe, wearing a ring mail and carrying a wand of confusion {zapped: 3} (heavily wounded)
You freeze Harold.
Harold is severely wounded.
The hound bites you but does no damage.
Your ice beast barely misses Harold.
The hound barely misses you.
Unknown command.
Casting: Freeze
Confirm with . or Enter, or press ? or * to list all spells.
Aiming: Freeze
Press: ? - help, Shift-Dir - straight line, f/p - Harold
Aim: Harold, wielding a battleaxe, wearing a ring mail and carrying a wand of confusion {zapped: 3} (severely wounded)
You freeze Harold.
Harold is severely wounded.
Your ice beast hits Harold but does no damage.
The hound bites you.
* * * LOW HITPOINT WARNING * * *
Harold casts a spell at you. The bolt of fire hits you!
You die...

#...
..........
............
.............
.............
...........
#......#.#+
#..........#
#.@@.# #(hY.#
#....+
#....P.
#..!.###
......
+#......
....... ....


You could see Harold, a hound and a friendly ice beast.

Vanquished Creatures
  2 hill giants
  Pikel (D:4)
  A cyclops (D:11)
  The ghost of 4thArraOfDagon the Chopper, an experienced DgWr (D:7)
  Psyche (D:8)
  A two-headed ogre (D:10)
  Prince Ribbit (D:5)
  4 trolls
  A wraith (D:9)
  A wyvern (D:8)
  4 yaks
  A hippogriff (D:9)
  3 hungry ghosts
  2 wolves (D:8)
  A phantom (D:6)
  4 sky beasts
  2 water moccasins
  3 ice beasts
  2 slaves (D:4)
  6 orc warriors
  A wasp (D:10)
  3 ogres
  A crocodile (D:10)
  3 centaurs
  3 giant frogs
  A big kobold (D:10)
  A wyvern zombie (D:10)
  A wyvern skeleton (D:10)
  A gnoll sergeant (D:10)
  7 scorpions
  5 wights
  16 killer bees
  2 crimson imps (D:7)
  9 hounds
  5 goliath beetles
  5 jellies
  A centaur skeleton (D:5)
  A giant frog zombie (D:11)
  2 iguanas
  2 giant frog skeletons (D:10)
  7 orc priests
  8 worker ants
  A killer bee zombie (D:10)
  12 orc wizards
  A hound zombie (D:6)
  9 adders
  16 gnolls
  2 giant mites
  2 shadow imps
  5 worms
  3 adder zombies
  5 giant geckos
  2 oozes
  53 orcs
  A ball python (D:1)
  23 bats
  A bat skeleton (D:6)
  2 giant cockroaches
  6 goblins
  17 hobgoblins
  9 jackals
  3 quokkas
  A giant gecko zombie (D:6)
  2 giant newts
  2 giant spores
  13 kobolds
  24 rats
  10 ballistomycetes
  A plant (D:10)
353 creatures vanquished.

Vanquished Creatures (collateral kills)
  2 hill giants
  A troll (D:6)
  Grum (D:8)
  A wolf (D:8)
  A crocodile (D:11)
  A giant frog (D:11)
  A killer bee (D:11)
  A giant frog skeleton (D:11)
  A gnoll (D:10)
10 creatures vanquished.

Vanquished Creatures (others)
  A centaur (D:4)
  8 ice beasts
  An orc priest (D:4)
  A giant mite (D:4)
  2 bats (D:4)
  3 jackals (D:4)
  A giant newt (D:4)
  2 giant spores (D:11)
  A kobold (D:4)
  A ballistomycete (D:11)
21 creatures vanquished.

Grand Total: 384 creatures vanquished

Notes
Turn   | Place    | Note
--------------------------------------------------------------
     0 | D:1      | mauris, the Merfolk Ice Elementalist, began the quest for the Orb.
     0 | D:1      | Reached XP level 1. HP: 13/13 MP: 3/3
    75 | D:1      | Huge Dmg: 3 Dmg
   320 | D:1      | Reached XP level 2. HP: 19/19 MP: 1/5
   830 | D:2      | Reached skill level 1 in Polearms
   830 | D:2      | Reached XP level 3. HP: 24/24 MP: 2/6
  1132 | D:2      | Huge Dmg: 5 Dmg
  1455 | D:2      | Reached XP level 4. HP: 26/30 MP: 2/8
  1474 | D:2      | Huge Dmg: 7 Dmg
  1476 | D:2      | Reached skill level 4 in Polearms
  1551 | D:2      | Huge Dmg: 7 Dmg
  1559 | D:2      | Huge Dmg: 7 Dmg
  1887 | D:2      | Found a blossoming altar of Fedhas.
  2109 | D:2      | Learned a level 4 spell: Throw Icicle
  2127 | D:2      | Huge Dmg: 8 Dmg
  2214 | D:2      | Reached XP level 5. HP: 22/35 MP: 7/9
  2479 | D:3      | Noticed Grinder
  2525 | D:3      | Noticed a hungry ghost
  2689 | D:3      | Noticed Spolavi's ghost (average DrTm)
  2805 | D:4      | Noticed a slave
  2806 | D:4      | Noticed Pikel
  2823 | D:4      | Killed a slave
  2830 | D:4      | Noticed a slave
  2930 | D:4      | Noticed a slave
  2950 | D:4      | Huge Dmg: 9 Dmg
  2954 | D:4      | Huge Dmg: 8 Dmg
  2955 | D:4      | Killed a slave
  3066 | D:4      | Huge Dmg: 8 Dmg
  3202 | D:4      | Noticed a slave
  3205 | D:4      | Killed Pikel
  3205 | D:4      | Reached skill level 8 in Ice Magic
  3205 | D:4      | Reached XP level 6. HP: 23/41 MP: 2/11
  3205 | D:4      | Reached XP level 7. HP: 25/46 MP: 2/12
  3288 | D:4      | Learned a level 4 spell: Summon Ice Beast
  3378 | D:4      | Reached skill level 5 in Polearms
  3378 | D:4      | Reached skill level 1 in Conjurations
  3423 | D:4      | Killed a centaur
  3647 | D:4      | Found an iron altar of Okawaru.
  3652 | D:4      | Found a shimmering altar of Xom.
  3662 | D:4      | Became a worshipper of Warmaster Okawaru
  3755 | D:4      | Huge Dmg: 13 Dmg
  3764 | D:4      | Huge Dmg: 6 Dmg
  3768 | D:4      | Huge Dmg: 5 Dmg
  4060 | D:4      | Found a shattered altar of Ashenzari.
  4192 | D:4      | Reached XP level 8. HP: 52/52 MP: 9/14
  5041 | D:5      | Entered Level 5 of the Dungeon
  5217 | D:5      | Noticed Prince Ribbit
  5787 | D:5      | Acquired Okawaru's first power
  5790 | D:5      | Huge Dmg: 17 Dmg
  5983 | D:5      | Huge Dmg: 15 Dmg
  5986 | D:5      | Killed Prince Ribbit
  5986 | D:5      | Reached skill level 9 in Ice Magic
  6517 | D:3      | Paralysed by Grinder for 6 turns
  6524 | D:3      | Huge Dmg: 10 Dmg
  6977 | D:6      | Noticed a troll
  7012 | D:6      | Huge Dmg: 11 Dmg
  7016 | D:6      | Huge Dmg: 11 Dmg
  7017 | D:6      | Huge Dmg: 9 Dmg
  7398 | D:6      | Huge Dmg: 10 Dmg
  7604 | D:6      | Killed a troll
  7604 | D:6      | Reached XP level 9. HP: 36/57 MP: 6/15
  8037 | D:6      | Huge Dmg: 17 Dmg
  8355 | D:6      | Found a staircase to the Ecumenical Temple.
  8612 | D:6      | Huge Dmg: 27 Dmg
  8826 | D:7      | Noticed a hill giant
  8873 | D:7      | Noticed 4thArraOfDagon's ghost (experienced DgWr)
  8944 | D:7      | Reached skill level 10 in Ice Magic
  9136 | D:7      | Huge Dmg: 12 Dmg
  9228 | D:7      | Huge Dmg: 10 Dmg
  9229 | D:7      | Huge Dmg: 11 Dmg
  9235 | D:7      | Killed 4thArraOfDagon's ghost
  9235 | D:7      | Reached skill level 10 in Polearms
  9565 | D:7      | Huge Dmg: 22 Dmg
  9565 | D:7      | Killed a hill giant
  9788 | D:7      | Reached skill level 11 in Polearms
 10260 | D:8      | Reached XP level 10. HP: 63/63 MP: 7/17
 10350 | D:8      | Noticed Psyche
 10363 | D:8      | Huge Dmg: 12 Dmg
 10401 | D:8      | Noticed Grum
 10413 | D:8      | Huge Dmg: 21 Dmg
 10415 | D:8      | Killed Grum
 10436 | D:8      | Reached skill level 12 in Polearms
 10697 | D:8      | Huge Dmg: 22 Dmg
 10699 | D:7      | Huge Dmg: 13 Dmg
 10941 | D:7      | nice
 10990 | D:8      | Killed Psyche
 11440 | D:8      | Huge Dmg: 12 Dmg
 11803 | D:8      | Found a deep blue altar of Sif Muna.
 11861 | D:8      | Found a glowing silver altar of Zin.
 11965 | D:9      | Found a snail-covered altar of Cheibriados.
 12020 | D:8      | Huge Dmg: 14 Dmg
 12141 | D:9      | Reached skill level 13 in Polearms
 12244 | D:9      | Acquired Okawaru's second power
 12247 | D:9      | Huge Dmg: 10 Dmg
 12430 | D:9      | Found a staircase to the Orcish Mines.
 12455 | D:9      | Huge Dmg: 13 Dmg
 12494 | D:9      | Found a white marble altar of Elyvilon.
 12550 | D:9      | Huge Dmg: 13 Dmg
 12961 | D:9      | Received a gift from Okawaru
 13003 | D:9      | Found a stormy altar of Qazlal.
 13165 | D:10     | Entered Level 10 of the Dungeon
 13196 | D:10     | Reached XP level 11. HP: 61/68 MP: 18/18
 13268 | D:10     | Reached skill level 14 in Polearms
 13326 | D:10     | Huge Dmg: 13 Dmg
 13737 | D:10     | Found a bloodstained altar of Trog.
 13738 | D:10     | Noticed a hill giant
 13747 | D:10     | Huge Dmg: 14 Dmg
 13766 | D:10     | Huge Dmg: 15 Dmg
 13781 | D:10     | HP: 1/68 [hill giant/giant club (24)]
 13782 | D:10     | Huge Dmg: 24 Dmg
 14229 | D:10     | Huge Dmg: 26 Dmg
 14473 | D:10     | Huge Dmg: 16 Dmg
 15105 | D:10     | Found a staircase to the Lair.
 15147 | D:10     | Reached skill level 15 in Polearms
 15176 | D:10     | Huge Dmg: 20 Dmg
 15391 | D:10     | Huge Dmg: 15 Dmg
 15391 | D:10     | Killed a hill giant
 15581 | D:11     | Found Klalae Mega's Assorted Antiques.
 15637 | D:11     | Bought a scroll of identify for 56 gold pieces
 15717 | D:11     | Huge Dmg: 28 Dmg
 15718 | D:11     | Huge Dmg: 8 Dmg
 15874 | D:11     | Huge Dmg: 24 Dmg
 15882 | D:11     | Huge Dmg: 17 Dmg
 16204 | D:11     | Noticed a hill giant
 16214 | D:11     | Killed a hill giant
 16435 | D:11     | Noticed a hill giant
 16445 | D:11     | Huge Dmg: 31 Dmg
 16447 | D:11     | Huge Dmg: 26 Dmg
 16448 | D:11     | Killed a hill giant
 16448 | D:11     | Received a gift from Okawaru
 16740 | D:11     | Identified 2 scrolls of acquirement
 16895 | D:11     | Huge Dmg: 25 Dmg
 16899 | D:11     | Noticed a hill giant
 16942 | D:11     | Noticed a hill giant
 16948 | D:11     | Huge Dmg: 18 Dmg
 17094 | D:11     | Huge Dmg: 14 Dmg
 17095 | D:11     | Huge Dmg: 14 Dmg
 17412 | D:11     | Noticed Gastronok
 17561 | D:10     | Reached skill level 16 in Polearms
 17592 | Lair:1   | Entered Level 1 of the Lair of Beasts
 17592 | Lair:1   | Noticed Harold
 17597 | Lair:1   | Huge Dmg: 14 Dmg
 17602 | Lair:1   | Huge Dmg: 32 Dmg
 17608 | Lair:1   | Killed from afar by Harold

Action                   |  1- 3 |  4- 6 |  7- 9 | 10-12 || total
-------------------------+-------+-------+-------+-------++-------
Melee: Unarmed           |    10 |       |       |       ||    10
       Spear             |    17 |    64 |   271 |       ||   352
       Halberd           |       |       |    76 |   109 ||   185
       Glaive            |       |       |       |   201 ||   201
       Bardiche          |       |       |       |    65 ||    65
 Cast: Freeze            |    49 |    71 |   196 |   250 ||   566
       Summon Ice Beast  |       |       |     6 |    11 ||    17
       Throw Icicle      |       |       |    12 |    20 ||    32
Evoke: Wand              |       |       |       |     2 ||     2
  Use: Scroll            |       |     4 |    15 |    13 ||    32
       Potion            |       |       |     2 |     4 ||     6
 Stab: Sleeping          |       |     4 |     9 |     7 ||    20
       Distracted        |       |       |     3 |     3 ||     6
  Eat: Chunk             |     2 |     6 |    27 |    23 ||    58
       Royal jelly       |       |       |     1 |     1 ||     2
       Pizza             |       |       |     1 |       ||     1
       Meat ration       |       |       |       |     3 ||     3

Vault maps used:
D:1:      scummos_arrival_checkerplants
D:2:      fedhas_altar_4, first_bread, minmay_misc_feat_cross
D:3:      uniq_grinder
D:4:      evilmike_ruin_ashenzari, grunt_temple_overflow_open, uniq_pikel
D:5:      uniq_prince_ribbit1
D:6:      minmay_temple_entry_crystal_x
D:8:      led_sif_pool, kennysheep_little_box, uniq_grum, uniq_psyche
D:9:      beetle_altar_1, gammafunk_temple_overflow_statue, lemuel_round_altar,
          lemuel_coloured_pillars_altar, orc_0_dummy
D:10:     dpeg_oklobed_lair, bloody_trog
D:11:     serial_shops, nicolae_shop_stone, uniq_gastronok
Lair:1:   lab_entry_generic, guppyfry_lair_drakes, lemuel_fruit_fields,
          serial_bayou_shore_b, uniq_harold
